 Dungeon Crawl Stone Soup version 0.21.1-1-g345015f (webtiles) character file.

76 VersusAllOdds the Shield-Bearer (level 4, -5/28 HPs)
             Began as a Gargoyle Fighter on July 21, 2018.
             Killed by divine providence
             ... invoked by an orc priest
              (16 damage)
             ... on level 3 of the Dungeon.
             The game lasted 00:03:49 (1364 turns).

VersusAllOdds the Shield-Bearer (Gargoyle Fighter)  Turns: 1364, Time: 00:03:50

Health: -5/28      AC: 10    Str: 21    XL:     4   Next: 32%
Magic:  4/4        EV:  7    Int:  8    God:
Gold:   47         SH:  9    Dex:  9    Spells: 3/3 levels left

rFire    . . .     SeeInvis .   a - +0 war axe
rCold    . . .     Gourm    .   c - +0 shield
rNeg     + . .     Faith    .   b - +0 scale mail
rPois    ∞         Spirit   .   (no helmet)
rElec    +         Reflect  .   (no cloak)
rCorr    .         Harm     .   (no gloves)
MR       .....                  (no boots)
Stlth    ..........             (no amulet)
HPRegen  0.09/turn              (no ring)
MPRegen  0.09/turn              (no ring)

@: no status effects
A: negative energy resistance 1, electricity resistance, unbreathing,
petrification resistance, rot immunity, AC +3
a: no special abilities


You were on level 3 of the Dungeon.
You were not hungry.

You visited 1 branch of the dungeon, and saw 3 of its levels.

You collected 47 gold pieces.

Inventory:

Hand Weapons
 a - a +0 war axe (weapon)
Armour
 b - a +0 scale mail (worn)
 c - a +0 shield (worn)
Jewellery
 l - an uncursed ring of poison resistance {unknown}
Scrolls
 i - a scroll of teleportation {unknown}
 j - 4 scrolls of identify {unknown}
 m - a scroll of enchant armour {unknown}
Potions
 d - a potion of might
 e - a potion of heal wounds {unknown}
 h - a potion of berserk rage {unknown}
 k - a potion of curing {unknown}
 n - a potion of mutation {unknown}
Comestibles
 f - 4 rations
 g - 5 chunks of flesh


   Skills:
 + Level 3.5 Fighting
 + Level 2.6 Axes
 + Level 3.8 Armour
 + Level 0.6 Dodging
 + Level 4.1 Shields


You had 3 spell levels left.
You didn't know any spells.

Dungeon Overview and Level Annotations

Branches:
Dungeon (3/15)

Altars:
Zin

Annotations:
D:2 Sigmund


Innate Abilities, Weirdness & Mutations

You are resistant to torment.
Your stone body is resilient. (AC +3)
You are immune to poison.
You resist negative energy. (rN+)
You are resistant to electric shocks. (rElec)
You can survive without breathing.
You are immune to petrification.
You are immune to rotting.


Message History

Your shield prevents you from hitting the orc.
The orc priest invokes the aid of Beogh against you.
Beogh smites you! You block the orc's attack. The orc barely misses you.
You block the orc priest's attack. The orc barely misses you.
You block the orc's attack.
You slash the orc priest!
The orc priest is severely wounded.
You barely miss the orc. You closely miss the orc.
The orc priest hits you but does no damage.
The orc hits you but does no damage. You block the orc's attack.
You barely miss the orc priest.
The orc priest is severely wounded.
You hit the orc. You slash the orc!
You kill the orc!
The orc priest calls upon Beogh to heal the orc.
The orc is healed somewhat.
The orc hits you but does no damage.
The orc priest invokes the aid of Beogh against you.
Beogh smites you!
Ouch! That really hurt!
You die...

# #......#.#..##.#.# ###.
#.#.######.......#.# #...
###.#.#...).÷..#######.####.##
..........##########........#
###.#.#.#.#.......############
#.#.#.#.#####............. #
#.#.#............#######
#.#.#..#########........
#.....)@o.....###..##.##
#.#...)o#...#.. #..##.##
#.#...... ..... #..##.#
#.#....... .... #..##.#
.......... ...$#.....#
#.......#... ..##.#####
...?..........# #.#
#......####### ..


You could see an orc priest and an orc.

Vanquished Creatures
  An adder (D:3)
  An ooze (D:2)
  A worm (D:3)
  3 dart slugs (D:1)
  2 leopard geckos (D:3)
  6 orcs (D:3)
  6 bats
  3 giant cockroaches (D:1)
  3 goblins (D:1)
  2 hobgoblins
  3 jackals (D:2)
  2 ball pythons
  4 frilled lizards
  3 kobolds (D:1)
  5 rats
45 creatures vanquished.

Notes
Turn   | Place    | Note
-------+----------+-------------------------------------------
     0 | D:1      | VersusAllOdds the Gargoyle Fighter began the quest for the Orb.
     0 | D:1      | Reached XP level 1. HP: 14/14 MP: 1/1
   128 | D:1      | Reached XP level 2. HP: 18/19 MP: 2/2
   465 | D:1      | Reached XP level 3. HP: 22/23 MP: 3/3
   877 | D:2      | Noticed Sigmund
   878 | D:2      | Found a glowing silver altar of Zin.
  1122 | D:3      | Reached skill level 4 in Shields
  1122 | D:3      | Reached XP level 4. HP: 28/28 MP: 4/4
  1364 | D:3      | Killed from afar by an orc priest

Skill      XL: |  1  2  3 |
---------------+----------+-----
Axes           | 2 |  2.6
Shields        | 4 |  4.1
Fighting       | |  3.5
Armour         | |  3.8
Dodging        | |  0.6

Action                   |  1- 3 |  4- 6 || total
-------------------------+-------+-------++-------
Melee: War axe           |   119 |    33 ||   152
  Eat: Chunk             |       |     2 ||     2
Armor: Scale mail        |    74 |    26 ||   100
Dodge: Dodged            |    40 |     5 ||    45
Block: Shield            |    71 |    19 ||    90
